Celery, chaotic female sylph Rogue h.| dE--- -...| ---.| |.| |.| ...--.| -(....-- ------......| |..--.......-- -----............-- --<|........--.....| |..........----....| --.|.--.---- ------ --- --- Celery the Cutpurse Experience level: 3 Strength: 9 Dexterity: 20 Constitution: 13 Intelligence: 10 Wisdom: 11 Charisma: 12 Health: 0(21) Energy: 13(13) Def: 0 Gold: 202 Moves: 1901 Dungeon seed: LTX54q7niJuIioOj Game ID: Celery_1469537396 Your Inventory: Coins $ - 202 gold pieces Weapons a - an uncursed +0 short sword (weapon in hand) b - 12 uncursed +0 daggers (in quiver) p - 9 uncursed +0 darts Comestibles l - 3 uncursed food rations r - an uncursed tripe ration I - an uncursed sprig of wolfsbane W - 2 uncursed eucalyptus leaves Scrolls m - an uncursed scroll of identify Potions c - an uncursed potion of sickness i - an uncursed potion of gain energy j - an uncursed potion of healing k - an uncursed potion of monster detection R - an uncursed potion of extra healing U - a blessed potion of gain ability Wands h - an uncursed wand of opening (0:3) L - an uncursed wand of nothing (0:3) Tools d - an uncursed lock pick f - an uncursed sack g - an uncursed blindfold H - an uncursed leash Gems e - 2 uncursed worthless pieces of black glass n - 2 uncursed flint stones q - an uncursed jade stone Spells and supernatural/magical abilities: Name Level Category Fail Memory W - pray for help -- divine ? -- Your skills at the end: Miscellaneous Skills wands [Basic] Weapon Skills dagger [Basic] short sword [Basic] Spellcasting Skills healing spells [Basic] Final Attributes: You were piously aligned. You saw invisible. You were stealthy. You were protected from shape changers. You are dead. Vanquished creatures: a giant bat a gecko 3 jackals 7 newts 2 sewer rats 3 grid bugs 6 lichens 2 kobold zombies 25 creatures vanquished. Voluntary challenges: You were vegetarian. You wore only your undergarments. You were an atheist. You used a wielded weapon 7 times, starting on turn 212. You did not apply a unicorn horn. You read items or engraved 3 times, starting on turn 786. You never genocided any monsters. You never polymorphed an object. You never changed form. You used no wishes. You never split a pudding. You never wrote Elbereth's name. You never violated your personal moral code. Dungeon overview: The Dungeons of Doom: levels 1 to 4 Level 1 a fountain, a sink a long staircase Level 2 a sink Level 3 a fountain Level 4 a fountain stairs to The Gnomish Mines The Gnomish Mines: Level 5 <- You were here stairs to The Dungeons of Doom History has recorded: On T:1 you entered the Dungeons of Doom to retrieve the Amulet of Yendor! On T:533 you advanced to experience level 2. On T:556 you reached level 2 of The Dungeons of Doom. On T:947 you reached level 3 of The Dungeons of Doom. On T:1389 you reached level 4 of The Dungeons of Doom. On T:1788 you advanced to experience level 3. On T:1818 you reached level 1 of The Gnomish Mines. Score breakdown: Gold: 202 ( 20 points) Experience: 3 levels ( 200 points) Exploration: 5 levels ( 120 points) Discoveries: 1 item ( 50 points) Variety of kills: 8 monsters ( 400 points) Major goal: (nothing yet) ( 0 points) Survival: died (score multiplied by 3) Total score: 2370 Latest messages: You are beginning to feel hungry. This lichen corpse tastes terrible! You finish eating the lichen corpse. You displace God. You see here a bag. You carefully open the bag... It develops a huge set of teeth and bites you! You displace God. (2x) The dwarf lord wields a pick-axe! The dwarf lord swings his pick-axe. The dwarf lord hits you! The dagger hits the dwarf lord. You throw 2 daggers. The 1st dagger hits the dwarf lord. The 2nd dagger hits the dwarf lord. The dwarf lord swings his pick-axe. The dwarf lord hits you! The dwarf lord swings his pick-axe. The dwarf lord hits you! You hear some noises. The dwarf lord swings his pick-axe. The dwarf lord hits you! You die... Final status: Goodbye Celery the Rogue, killed by a dwarf lord... You died in The Gnomish Mines on dungeon level 5 with 2370 points, and 202 pieces of gold, after 1901 moves. You were level 3 with a maximum of 21 hit points when you died.